 Dungeon Crawl Stone Soup version 0.24.1-14-gf8d2b509d9 (webtiles) character file.

Game seed: 1651158412315344657, levelgen mode: deterministic

224 sahdkjhfkaj the Ruffian (level 5, -1/53 HPs)
             Began as a Troll Wanderer on Oct 25, 2020.
             Was an Initiate of Gozag.
             Slain by an orc wizard
             ... wielding a +0 dagger
              (2 damage)
             ... on level 3 of the Dungeon.
             The game lasted 00:07:35 (2282 turns).

sahdkjhfkaj the Ruffian (Troll Wanderer)            Turns: 2282, Time: 00:07:35

Health: -1/53      AC:  7    Str: 23    XL:     5   Next: 67%
Magic:  4/4        EV:  5    Int:  7    God:    Gozag
Gold:   157        SH: 12    Dex:  8    Spells: 4/4 levels left

rFire    . . .     SeeInvis .     - Unarmed
rCold    . . .     Gourm    +   j - +0 large shield
rNeg     . . .     Faith    .   d - +0 robe
rPois    .         Spirit   .   (helmet restricted)
rElec    .         Reflect  .   i - +0 cloak
rCorr    .         Harm     .   (gloves unavailable)
MR       .....                  (boots unavailable)
Stlth    +.........             (no amulet)
HPRegen  0.57/turn              (no ring)
MPRegen  0.09/turn              (no ring)

@: lethally poisoned (-1 -> -1), gold aura
A: large, unfitting armour, claws 3, fast metabolism 3, gourmand, regeneration
1, shaggy fur 1, tough skin 3
a: Potion Petition, Call Merchant, Bribe Branch, Renounce Religion


You were on level 3 of the Dungeon.
You worshipped Gozag.
Gozag was aware of your devotion.
You were very hungry.

You visited 1 branch of the dungeon, and saw 3 of its levels.

You collected 168 gold pieces.
You paid 11 gold pieces to Gozag.

Inventory:

Missiles
 l - 2 throwing nets (quivered) {!f}
Armour
 d - a +0 robe (worn)
 i - a +0 cloak (worn)
 j - a +0 large shield (worn)
Scrolls
 c - 4 scrolls of teleportation {!r}
 h - a scroll of magic mapping {!r, unknown}
 m - a scroll of remove curse {!r, unknown}
 n - a scroll of noise {!r, unknown}
Potions
 a - 2 potions of haste {!q, unknown}
 b - 2 potions of lignification {!q}
 e - 2 potions of heal wounds {!q}
 g - a potion of invisibility {!q, unknown}
 k - 2 potions of cancellation {!q, unknown}
Comestibles
 f - 4 rations


   Skills:
 + Level 3.3 Fighting
 - Level 1.0 Throwing
 - Level 1.5 Dodging
 - Level 1.0 Stealth
 * Level 1.3 Shields
 * Level 5.6 Unarmed Combat


You had 4 spell levels left.
You didn't know any spells.
Your spell library was empty.

Dungeon Overview and Level Annotations

Branches:
Dungeon (3/15)

Altars:
Gozag


Innate Abilities, Weirdness & Mutations

You are too large for most types of armour.
You have claws for hands.
Your metabolism is lightning-fast.
You like to eat raw meat.
Your natural rate of healing is unusually fast.
You are covered in fur. (AC +1)
You have extremely tough skin. (AC +3)


Message History

Unknown command.
Unknown command.
Unknown command.
Unknown command.
Unknown command.
Unknown command.
Unknown command.
Unknown command.
Unknown command.
Unknown command.
Unknown command.
Unknown command.
Unknown command.
You scratch the orc priest.
The orc priest is almost dead.
You feel sick.
The orc becomes distracted by your gold, dreaming of imaginary riches.
Something hits you.
You die...
Your body crumbles into a pile of gold.

# .#
########.##
### ...
.#...## ...
#.. ...#...
#.##.##.#...##
#...go@{......
#.#..o#o##.###
#.......##.#
#..<.......#
#.......####
###...###
#.....#
#.###.# #. ..


You could see an orc priest, 2 orcs and a hobgoblin.

Vanquished Creatures
  A sky beast (D:2)
  Robin (D:2)
  4 gnolls (D:2)
  2 adders
  An ooze (D:2)
  2 dart slugs
  4 bats
  4 giant cockroaches
  17 goblins
  4 hobgoblins (D:2)
  2 jackals (D:1)
  11 kobolds
  3 frilled lizards
  4 rats
60 creatures vanquished.

Notes
Turn   | Place    | Note
-------+----------+-------------------------------------------
     0 | D:1      | sahdkjhfkaj the Troll Wanderer began the quest for the Orb.
     0 | D:1      | sahdkjhfkaj set off with the following items: a +0 club, a
                  | potion of lignification {!q}, a scroll of teleportation
                  | {!r}, a +0 robe, 2 potions of heal wounds {!q}, 2 rations
     0 | D:1      | Reached XP level 1. HP: 23/23 MP: 0/0
   423 | D:1      | Reached XP level 2. HP: 31/31 MP: 1/1
   495 | D:1      | Reached skill level 3 in Unarmed Combat
  1213 | D:2      | Reached XP level 3. HP: 37/37 MP: 2/2
  1251 | D:2      | Reached skill level 4 in Unarmed Combat
  1356 | D:2      | Reached XP level 4. HP: 43/45 MP: 3/3
  1367 | D:2      | Noticed a sky beast
  1372 | D:2      | Killed a sky beast
  1372 | D:2      | Reached skill level 5 in Unarmed Combat
  1372 | D:2      | Reached XP level 5. HP: 53/53 MP: 4/4
  1554 | D:2      | Found an opulent altar of Gozag.
  1608 | D:2      | Noticed Robin
  1646 | D:2      | Became a worshipper of Gozag Ym Sagoz the Greedy
  1680 | D:2      | Killed Robin
  1680 | D:2      | Reached skill level 1 in Shields
  2281 | D:3      | HP: 2/53 [orc/+0 club (1)]
  2282 | D:3      | Slain by an orc wizard

Levels and vault maps discovered:
D:1:      saegor_arrival_simple_b, layout_loops_corners,
          minmay_tree_intersection
D:2:      layout_loops_cross, marbit_many_paths, uniq_robin
D:3:      layout_loops_ring, nicolae_ru_awakened_eye

Skill      XL: |  1  2  3  4  5 |
---------------+----------------+-----
Unarmed Combat | 3 4 5 |  5.6
Shields        | 1 |  1.3
Fighting       | |  3.3
Throwing       | |  1.0
Dodging        | |  1.5
Stealth        | |  1.0

Action                   |  1- 3 |  4- 6 || total
-------------------------+-------+-------++-------
Melee: Unarmed           |    72 |    79 ||   151
 Stab: Sleeping          |       |     1 ||     1
  Eat: Chunk             |     9 |     1 ||    10
       Ration            |     1 |     1 ||     2
Armor: Robe              |    24 |    23 ||    47
Dodge: Dodged            |    32 |    13 ||    45
Block: Large shield      |       |    45 ||    45
